 Dungeon Sprint DCSS version 0.26-a0-712-ga5a9c9c9d0 (webtiles) character file.

Game seed: 18018561966092123342

1122 tsouns the Carver (level 8, -7/75 HPs)
             Began as a Demonspawn Berserker on Nov 9, 2020.
             Was a Priest of Trog.
             Mangled by a ten-headed hydra (8 damage)
             ... in the Dungeon (Sprint IX: "|||||||||||||||||||||||||||||").
             The game lasted 00:02:27 (416 turns).

tsouns the Carver (Demonspawn Berserker)             Turns: 416, Time: 00:02:28

Health: -7/75      AC: 17    Str: 20    XL:     8   Next: 12%
Magic:  8/8        EV: 10    Int:  8    God:    Trog [***...]
Gold:   0          SH:  0    Dex: 16    Spells: 7/7 levels left

rFire    . . .     SeeInvis +   l - +2 scimitar of Somewhere Else {protect, +Fly SInv}
rCold    . . .     Faith    .   (no shield)
rNeg     . . .     Spirit   .   o - +1 chain mail
rPois    .         Reflect  .   n - +0 helmet
rElec    .         Harm     .   (no cloak)
rCorr    .         Rampage  .   m - +0 pair of gloves
MR       .....     NoTele   +   (no boots)
Stlth    ..........             (no amulet)
HPRegen  0.22/turn              p - +3 ring of dexterity
MPRegen  0.11/turn              q - +2 ring of protection

@: berserk cooldown, slowed, very slow
A: claws 1, icy blue scales 1
a: Berserk, Trog's Hand, Renounce Religion, Evoke Flight


You were in the Dungeon.
You worshipped Trog.
Trog was most pleased with you.
You visited 1 branch

Inventory:

Hand Weapons
 a - a +0 falchion
 l - the +2 scimitar of Somewhere Else (weapon) {protect, +Fly SInv}
   (You found it in the Dungeon)

   It grants its wielder temporary protection when it strikes (+7 to AC).
   It lets you see invisible.
   It lets you fly.
Armour
 b - a +0 animal skin
 m - a +0 pair of gloves (worn)
 n - a +0 helmet (worn)
 o - a +1 chain mail (worn)
Jewellery
 p - a +3 ring of dexterity (left hand)
 q - a +2 ring of protection (right hand)
Wands
 k - a wand of iceblast (6)
Scrolls
 j - 3 scrolls of remove curse
Potions
 c - a potion of invisibility
 d - 3 potions of heal wounds
 e - a potion of haste
 f - 4 potions of magic
 g - a potion of berserk rage
 i - 4 potions of curing


   Skills:
 + Level 11.0 Fighting
 + Level 11.3 Long Blades
 + Level 5.2 Armour
 + Level 4.7 Dodging
 + Level 2.2 Stealth


You had 7 spell levels left.
You didn't know any spells.
Your spell library was empty.

Dungeon Overview and Level Annotations

Branches:
Dungeon (1/1)

Altars:
Cheibriados
Dithmenos
Elyvilon
Fedhas
Gozag
Hepliaklqana
Kikubaaqudgha
Makhleb
Nemelex Xobeh
Okawaru
Qazlal
Ru
Sif Muna
Trog
Uskayaw
Vehumet
Wu Jian
Xom
Yredelemnul
Zin
The Shining One
Beogh
Jiyva
Lugonu


Innate Abilities, Weirdness & Mutations

You have sharp fingernails.
You are partially covered in icy blue scales. (AC +2)


Message History

The mass of ice explodes!
The iceblast engulfs the ten-headed hydra!
The ten-headed hydra is severely wounded.
The iceblast engulfs the wraith!
The wraith partially resists.
The wraith is moderately damaged.
Evoke which item? (* to show all) (? for menu, Esc to quit)
Aiming: Iceblast
Press: ? - help, Shift-Dir - straight line, f/p - ten-headed hydra
Aim: a ten-headed hydra (severely wounded)
The mass of ice explodes!
The iceblast engulfs the ten-headed hydra!
The ten-headed hydra is almost dead.
The iceblast engulfs the wraith!
The wraith partially resists.
The wraith is severely damaged.
The ten-headed hydra bites you.
* * * LOW HITPOINT WARNING * * *
The ten-headed hydra bites you.
* * * LOW HITPOINT WARNING * * *
The ten-headed hydra bites you!
You die... ▓▓▓▓▓▓▓▓▓▓▓▓▓▓▓▓▓▓▓▓▓▓▓▓▓▓▓▓▓▓▓▓▓ .)..J.W)(....JWD@.'______________ ▓▓▓▓▓▓▓▓▓▓▓▓▓▓▓▓▓▓▓▓▓▓▓▓▓▓▓▓▓▓▓▓▓

You could see a ten-headed hydra, a wraith and a jelly.

Vanquished Creatures
  An unseen horror (D)
  A gargoyle (D)
  A big kobold (D)
  A bullfrog (D)
  A scorpion (D)
  A hound (D)
  An iguana (D)
  A worker ant (D)
  An adder (D)
  A white imp (D)
  An orc (D)
  2 goblins (D)
  A hobgoblin (D)
  A jackal (D)
  A kobold (D)
  A giant cockroach zombie (D)
17 creatures vanquished.

Vanquished Creatures (collateral kills)
  A centaur (D)
  A giant cockroach zombie (D)
2 creatures vanquished.

Grand Total: 19 creatures vanquished

Notes
Turn   | Place    | Note
-------+----------+-------------------------------------------
     0 | D        | tsouns the Demonspawn Berserker began the quest for the
                  | Orb.
     0 | D        | Reached XP level 1. HP: 18/18 MP: 1/1
     9 | D        | Reached ** piety under Trog
    72 | D        | Noticed a worker ant
    72 | D        | Noticed a hound
    72 | D        | Noticed a scorpion
    77 | D        | Killed a scorpion
    77 | D        | Reached skill level 5 in Fighting
    77 | D        | Reached skill level 5 in Long Blades
    77 | D        | Gained mutation: You have sharp fingernails. [demonic
                  | ancestry]
    77 | D        | Reached XP level 2. HP: 27/27 MP: 2/2
    77 | D        | Reached XP level 3. HP: 33/33 MP: 3/3
    81 | D        | Reached *** piety under Trog
    81 | D        | Reached XP level 4. HP: 40/40 MP: 4/4
   208 | D        | Found a roughly hewn altar of Beogh.
   208 | D        | Found a snail-covered altar of Cheibriados.
   208 | D        | Found a shadowy altar of Dithmenos.
   208 | D        | Found a white marble altar of Elyvilon.
   208 | D        | Found a blossoming altar of Fedhas.
   208 | D        | Found an opulent altar of Gozag.
   209 | D        | Found a hazy altar of Hepliaklqana.
   210 | D        | Found a viscous altar of Jiyva.
   211 | D        | Found an ancient bone altar of Kikubaaqudgha.
   212 | D        | Found a corrupted altar of Lugonu.
   213 | D        | Found a burning altar of Makhleb.
   214 | D        | Found a sparkling altar of Nemelex Xobeh.
   215 | D        | Found an iron altar of Okawaru.
   216 | D        | Found a stormy altar of Qazlal.
   217 | D        | Found a sacrificial altar of Ru.
   218 | D        | Found a shimmering blue altar of Sif Muna.
   219 | D        | Found a bloodstained altar of Trog.
   220 | D        | Found a hide-covered altar of Uskayaw.
   221 | D        | Found a radiant altar of Vehumet.
   222 | D        | Found an ornate altar of the Wu Jian Council.
   223 | D        | Found a shimmering altar of Xom.
   224 | D        | Found a basalt altar of Yredelemnul.
   225 | D        | Found a glowing silver altar of Zin.
   226 | D        | Found a glowing golden altar of the Shining One.
   242 | D        | Got the +2 scimitar of Somewhere Else {protect, +Fly SInv}
   277 | D        | Noticed a centaur
   277 | D        | Noticed a bullfrog
   277 | D        | Noticed a gargoyle
   277 | D        | Noticed a big kobold
   281 | D        | Reached **** piety under Trog
   287 | D        | Killed a big kobold
   287 | D        | Reached XP level 5. HP: 49/49 MP: 5/5
   294 | D        | Killed a gargoyle
   294 | D        | Reached skill level 1 in Stealth
   294 | D        | Reached XP level 6. HP: 59/59 MP: 6/6
   296 | D        | Gained mutation: You are partially covered in icy blue
                  | scales. (AC +2) [demonic ancestry]
   296 | D        | Reached XP level 7. HP: 48/65 MP: 7/7
   301 | D        | Reached skill level 10 in Long Blades
   388 | D        | Noticed a five-headed hydra
   388 | D        | Noticed a wraith
   388 | D        | Noticed an unseen horror
   399 | D        | Killed an unseen horror
   399 | D        | Reached skill level 5 in Armour
   399 | D        | Reached XP level 8. HP: 75/75 MP: 8/8
   405 | D        | HP: 3/75 [ten-headed hydra (1)]
   416 | D        | HP: 3/75 [ten-headed hydra (4)]
   416 | D        | HP: 1/75 [ten-headed hydra (2)]
   416 | D        | Mangled by a ten-headed hydra

Illustrated notes

Levels and vault maps discovered:
D:        linesprint [early_d, line_temple, items_1, d_10, items_2, lair_1,
          lair_end, items_3, orc_1, orc_end, items_4, d_15, swamp_1, shoals_1,
          snake_1, spider_1, d_20, vaults_1, items_5, swamp_end, shoals_end,
          snake_end, spider_end, vaults_end, d_27, items_6, zot_1, zot_end,
          crypt_end, forest_end, elf_end, slime_end, tomb_end, abyss_end,
          pan_hell_end]

Skill      XL: |  1  2  3  4  5  6  7 |
---------------+----------------------+-----
Long Blades    | 5 7 9 11 | 11.3
Armour         | 2 3 4 5 |  5.2
Dodging        | 2 3 4 |  4.7
Fighting       | 5 6 7 9 11 | 11.0
Stealth        | 1 2 |  2.2

Action                   |  1- 3 |  4- 6 |  7- 9 || total
-------------------------+-------+-------+-------++-------
Melee: Falchion          |    16 |     5 |       ||    21
       Scimitar          |       |    17 |    15 ||    32
Invok: Berserk           |     2 |     1 |     1 ||     4
       Brothers in Arms  |       |       |     3 ||     3
Evoke: Wand              |       |       |     4 ||     4
  Use: Potion            |     1 |       |       ||     1
       Scroll            |       |       |     2 ||     2
Armor: Animal skin       |     2 |       |       ||     2
       Chain mail        |       |     5 |    22 ||    27
Dodge: Dodged            |     7 |     6 |    15 ||    28
       Rpst.: Falchion   |     3 |     1 |       ||     4
       Scimitar          |       |     2 |     3 ||     5

Table legend: (Time is in decaauts)
 A = Elapsed time spent in this place.
 B = Non-inter-level travel time spent in this place.
 C = Inter-level travel time spent in this place.
 D = Time resting spent in this place.
 E = Time spent auto-exploring this place.
 F = Levels seen in this place.
 G = Mean time per level.
                   A        B        C        D        E       F      G
               +--------+--------+--------+--------+--------+-----+--------+
         Total |    440 |    440 |      0 |    262 |      3 |   1 |  440.0 |
       Dungeon |    440 |    440 |      0 |    262 |      3 |   1 |  440.0 |
               +--------+--------+--------+--------+--------+-----+--------+

Top non-repeatable levels by time:
       D: 440 daAuts
